Cogmind - Beta 16 @@@ ROGUE MODE // 2025.11.11 @ 20:45:27 Player: Plexion Result: Destroyed by XL-8VI(R) with Subdweller Laser Performance ------------- Evolutions (0) 0 Regions Visited (2) 400 Robots Destroyed (15) 75 Value Destroyed (400) 400 Prototype IDs (12) 240 Alien Tech Used (0) 0 Bonus (0) 0 TOTAL SCORE: 1115 Bonus ------- None Cogmind --------- Core Integrity 0/250 Matter 300/300 Energy 246/250 System Corruption 0% Temperature Cool (12) Movement Treading (160) Location -10/Subcaves Parts ------- > --- POWER (1) -------- Ion Engine > --- PROPULSION (2) --- Light Treads Spiked Treads > --- UTILITY (2) ------ Large Storage Unit Seismic Detector > --- WEAPON (2) ------- Subdweller Beam Cannon Makeshift Spear > --- INVENTORY (15) --- Subdweller Power Source Light Treads Cargo Legs Subdweller Monowheel Subdweller Monowheel Flightbrick Hacking Suite Subdweller Laser Subdweller Machine Gun Subdweller Shrapnel Launcher Ripper Peak State ------------ > --- POWER ------------ Ion Engine > --- PROPULSION ------- Light Treads Spiked Treads > --- UTILITY ---------- Large Storage Unit Seismic Detector > --- WEAPON ----------- Ripper Makeshift Spear > --- INVENTORY -------- Subdweller Power Source Light Treads Cargo Legs Subdweller Monowheel Subdweller Monowheel Flightbrick Hacking Suite Subdweller Laser Subdweller Machine Gun Subdweller Machine Gun Subdweller Shrapnel Launcher [Rating: 21] Favorites ----------- Power Ion Engine Engine Ion Engine Propulsion Light Treads Treads Light Treads Utility Large Storage Unit Device Seismic Detector Storage Large Storage Unit Weapon Subdweller Machine Gun Energy Gun Subdweller Laser Energy Cannon Subdweller Beam Cannon Ballistic Gun Subdweller Machine Gun Slashing Weapon Ripper Piercing Weapon Makeshift Spear Build | -11 -10 -10 ------- Run | Yrd Mat Sub Slots Evolved . | . . . Power . | . . . Propulsion . | . . . Utility . | . . . Weapon . | . . . Parts Attached 20 | 8 1 11 Power 2 | 1 . 1 Engine 2 | 1 . 1 Core . | . . . Reactor . | . . . Propulsion 4 | 2 . 2 Treads 4 | 2 . 2 Leg . | . . . Wheel . | . . . Hover . | . . . Flight . | . . . Utility 4 | 2 1 1 Device 2 | 1 . 1 Storage 2 | 1 1 . Processor . | . . . Hackware . | . . . Protection . | . . . Artifact . | . . . Weapon 10 | 3 . 7 Energy Gun 3 | 2 . 1 Energy Cannon 1 | . . 1 Ballistic Gun 4 | 1 . 3 Ballistic Cannon . | . . . Launcher . | . . . Special Weapon . | . . . Impact Weapon . | . . . Slashing Weapon 1 | . . 1 Piercing Weapon 1 | . . 1 Special Melee Weapon . | . . . Unidentified Prototypes . | . . . Parts Lost 1 | . . 1 Power . | . . . Propulsion . | . . . Utility . | . . . Weapon 1 | . . 1 Highest Loss Streak 1 | . . 1 To Critical Strikes . | . . . Average Backups 10 | 2 4 12 Power 1 | . 1 1 Propulsion 4 | 1 2 5 Utility 1 | . 1 1 Weapon 3 | . . 3 Tool/Special . | . . . Unused Backups 10 | . . 10 Power 1 | . . 1 Propulsion 7 | . . 7 Utility 1 | . . 1 Weapon 1 | . . 1 Tool/Special . | . . . Average Slot Usage (%) 99 | . 96 99 Engine 14 | . 14 14 Treads 28 | . 28 28 Device 14 | . 14 14 Storage 14 | . 14 14 Energy Gun 3 | . 10 2 Energy Cannon 3 | . . 3 Ballistic Gun 11 | . 14 10 Slashing Weapon 3 | . . 4 Piercing Weapon 5 | . . 6 Peak Build Rating 21 | 7 8 21 Average Rating 14 | 5 6 16 On Entrance 5 | . 7 8 Avg Prop Armor Cover (%) . | . . . Naked Turns . | . . . Heaviest Build 36 | 14 28 36 Greatest Support 40 | 40 40 40 Greatest Overweight (x) . | . . . Average Overweight (x) . | . . . Largest Inventory Capacity 15 | 8 15 15 Average Capacity 14 | 7 13 15 Most Carried 15 | 4 8 15 Average Carried 12 | 2 4 14 Final Capacity 15 | 8 15 15 Final Carried 15 | 4 8 15 Class Distribution -------------------- 100% | Mutant Dominant Class ---------------- Mutant | -10/Materials Mutant | -10/Subcaves Resources | -11 -10 -10 ----------- Run | Yrd Mat Sub Matter Collected 543 | 268 61 214 Remotely . | . . . Salvage Created 615 | 71 115 429 Parts 49 | 12 8 29 Haulers Intercepted 1 | . 1 . Recyclers Shooed . | . . . Parts Field Recycled . | . . . Retrieved Matter . | . . . Parts Self-Destructed 11 | . . 11 Prevented . | . . . Parts Restored . | . . . Kills | -11 -10 -10 ------- Run | Yrd Mat Sub Combat Hostiles Destroyed 9 | . 1 8 Melee 1 | . . 1 Guns 8 | . 1 7 Classes Destroyed 7 | 1 3 3 Tunneler 4 | 4 . . Hauler 1 | . 1 . Operator 1 | . 1 . Grunt 1 | . 1 . Artisan 1 | . . 1 Cobbler 2 | . . 2 Subdweller 8 | . . 8 Best Kill Streak 3 | 2 1 3 Combat Bots Only 3 | . 1 3 Max Kills in Single Turn 1 | 1 1 1 Gunslinging . | . . . Exploded . | . . . Melee 1 | . . 1 Uniques/NPCs Destroyed . | . . . Combat | -11 -10 -10 -------- Run | Yrd Mat Sub Hostile Shots Fired 48 | . 5 43 Missed 9 | . . 9 Hits 39 | . 5 34 Projectile 39 | . 5 34 Critical Strikes 1 | . . 1 Damage Taken 780 | . 55 725 Core 271 | . 10 261 Absorbed by Shields . | . . . Core Remaining (%) 100 | 100 . . Volleys Fired 47 | 13 11 23 Largest 2 | 2 2 2 Hottest 80 | 70 60 80 Shots Fired 86 | 26 20 40 Gun 84 | 26 20 38 Cannon 2 | . . 2 Launcher . | . . . Special . | . . . Kinetic 59 | 13 11 35 Thermal 27 | 13 9 5 Explosive . | . . . Electromagnetic . | . . . Robot Hit Streak 11 | 11 4 11 Robot Miss Streak 2 | 2 1 2 Penetration Max . | . . . Secondary Targets 1 | . . 1 Max Gunslinging Chain 1 | . . 1 Shots Hit Robots 72 | 18 13 41 Core Hits 25 | 4 6 15 Critical Kills . | . . . Critical Parts Destroyed . | . . . Critical Strikes 1 | . . 1 Impale 1 | . . 1 Melee Attacks 20 | . . 20 Impact . | . . . Slashing 5 | . . 5 Piercing 15 | . . 15 Sneak Attacks 7 | . . 7 Combat Hostiles . | . . . Follow-up Attacks . | . . . Damage Inflicted 1344 | 182 140 1022 Guns 847 | 182 135 530 Cannons 27 | . . 27 Explosions . | . . . Melee 465 | . . 465 Ramming 5 | . 5 . Kinetic 624 | 70 58 496 Thermal 250 | 112 77 61 Explosive . | . . . Electromagnetic . | . . . Impact . | . . . Slashing . | . . . Piercing 465 | . . 465 Highest Corruption . | . . . Average Corruption . | . . . Corruption Purged . | . . . Corruption Blocked . | . . . Overload Shots . | . . . Overflow Damage 1 | . . 1 Projectiles . | . . . Explosions . | . . . Melee 1 | . . 1 Knockbacks . | . . . Impact . | . . . Kinetic . | . . . Secondary . | . . . Self-Inflicted Damage . | . . . Shots . | . . . Rammed 1 | . 1 . Targets Rammed 2 | 1 1 . Kicked . | . . . Crushed 1 | 1 . . Highest Temperature 239 | 140 44 239 Average Temperature 49 | 53 19 108 Received Heat Transfer 439 | . 30 409 Siege Activations . | . . . Martial Activations . | . . . Shielding Activations . | . . . Robots Disrupted . | . . . Combat Hostiles . | . . . Robots Corrupted . | . . . Combat Hostiles . | . . . Parts Fried . | . . . Impact Corruptions . | . . . Robots Melted . | . . . Combat Hostiles . | . . . Parts Melted 4 | . . 4 Heat Transferred 620 | 333 175 112 Parts Sabotaged . | . . . Parts Stolen . | . . . Parts Stripped . | . . . Power Chain Reactions . | . . . Alert | -11 -10 -10 ------- Run | Yrd Mat Sub Maximum Alert Level . | . . . Low Security (%) 100 | 100 100 . Level 1 . | . . . Level 2 . | . . . Level 3 . | . . . Level 4 . | . . . Level 5 . | . . . High Security . | . . . Max Security . | . . . Peak Influence 30 | 5 30 . Initial . | . . . Average 3 | 1 4 . Influence Increases 62 | 20 42 . Destroy 0b10 Robot/C 20 | . 20 . Destroy 0b10 Robot/NC 30 | 20 10 . Destroy Leader 12 | . 12 . Influence Decreases 62 | 20 42 . Time Decay 62 | 20 42 . Squads Dispatched 2 | . 2 . Investigation 1 | . 1 . Extermination . | . . . Reinforcement 1 | . 1 . Assault . | . . . Garrison . | . . . Intercept . | . . . Searches Triggered . | . . . Construction Impeded . | . . . Haulers Reinforced . | . . . Active Scanning Responses . | . . . Cargo Convoy Interrupts . | . . . Stealth | -11 -10 -10 --------- Run | Yrd Mat Sub Distress Signals . | . . . Communications Jammed . | . . . Distress Signals . | . . . Times Spotted 16 | . 6 10 Peak Tracking Total 3 | . 2 3 Tactical Retreats . | . . . Traps | -11 -10 -10 ------- Run | Yrd Mat Sub Traps Triggered 1 | . 1 . Indirectly . | . . . Trap Hack Attempts . | . . . Triggered . | . . . Disarmed . | . . . Reprogrammed . | . . . Reused . | . . . Traps Extracted . | . . . Installed . | . . . Triggered . | . . . Machines | -11 -10 -10 ---------- Run | Yrd Mat Sub Machines Disabled 1 | . . 1 Max in Single Turn 1 | . . 1 Machines Repaired . | . . . Machines Dismantled . | . . . Machines Sabotaged . | . . . Overloaded Fab Kills . | . . . Hacking | -11 -10 -10 --------- Run | Yrd Mat Sub Machines Accessed 1 | . . 1 Terminals . | . . . Fabricators . | . . . Repair Stations . | . . . Recycling Units . | . . . Scanalyzers . | . . . Garrison Access . | . . . Total Hacks 1 | . . 1 Successful 1 | . . 1 Failed . | . . . Catastrophic . | . . . Database Lockouts . | . . . Manual . | . . . Terminals . | . . . Fabricators . | . . . Repair Stations . | . . . Recycling Units . | . . . Scanalyzers . | . . . Garrison Access . | . . . Terminal Hacks 1 | . . 1 Proto ID Catalog 1 | . . 1 Fabricator Hacks . | . . . Repair Station Hacks . | . . . Recycling Unit Hacks . | . . . Scanalyzer . | . . . Garrison Access Hacks . | . . . Unauthorized Hacks . | . . . Terminals . | . . . Fabricators . | . . . Repair Stations . | . . . Recycling Units . | . . . Scanalyzers . | . . . Garrison Access . | . . . Data Cores Recovered . | . . . Used . | . . . Hacking Detections . | . . . Full Trace Events . | . . . Feedback Events . | . . . Feedback Blocked . | . . . Robot Schematics Acquired . | . . . Robots Built . | . . . Authchips . | . . . Time . | . . . Total Robot Build Rating . | . . . Part Schematics Acquired . | . . . Parts Built . | . . . Authchips . | . . . Time . | . . . Total Part Build Rating . | . . . Part Studies Acquired . | . . . Parts Repaired . | . . . Time . | . . . Parts Recycled . | . . . Recycled Matter . | . . . Retrieved Matter . | . . . Retrieved Components . | . . . Parts Scanalyzed . | . . . Part Schematics Acquired . | . . . Parts Damaged . | . . . Bothacking | -11 -10 -10 ------------ Run | Yrd Mat Sub Used RIF Installer . | . . . Robots Hacked . | . . . Non-combat . | . . . Combat . | . . . Robot Hacks Applied . | . . . Relay Couplers Released . | . . . Fabnet Peak Effective % . | . . . Robots Rewired . | . . . Allies Hacked . | . . . Hacks Repelled . | . . . Allies | -11 -10 -10 -------- Run | Yrd Mat Sub Total Allies . | . . . Largest Group . | . . . Highest-Rated Group . | . . . Highest-Rated Ally . | . . . Total Orders . | . . . Ally Attacks . | . . . Total Damage . | . . . Kills . | . . . Allies Corrupted . | . . . Allies Melted . | . . . Intel | -11 -10 -10 ------- Run | Yrd Mat Sub Active Infowar (turns) 2012 | 11 250 1751 Seismic 2012 | 11 250 1751 Robot Analysis Total . | . . . Derelict Logs Recovered 1 | . . 1 Drone Launches . | . . . Drone Recoveries . | . . . Exploration | -11 -10 -10 ------------- Run | Yrd Mat Sub Turns Passed 2290 | 144 250 1896 Spaces Moved 1255 | 60 133 1062 Core 4 | 4 . . Treads 1251 | 56 133 1062 Legs . | . . . Wheels . | . . . Hover . | . . . Flight . | . . . Fastest Speed 50 | 50 160 160 Average Speed 159 | 152 160 160 Slowest Speed 160 | 160 160 160 Overloaded Moves . | . . . Propulsion Burnouts . | . . . Robots Hopped . | . . . Potential Cave-ins . | . . . Cave-ins Triggered . | . . . Exploration Rate (%) 28 | 4 36 46 Regions Visited 2 Branch Regions 1 Pre-discovered Areas 1 | . . 1 Known Exits Taken . | . . . Unknown Exits Taken 2 | 1 1 . Scrap Searched . | . . . Spaces Dug . | . . . Terrain Destroyed 1 | . . 1 Melee . | . . . Projectile 1 | . . 1 AOE . | . . . Terrain Rammed . | . . . Walls Destroyed . | . . . Machines Disabled . | . . . Actions | -11 -10 -10 --------- Run | Yrd Mat Sub Total 1432 | 85 151 1196 Wait 52 | . . 52 Move 1253 | 59 132 1062 Hop . | . . . Pick Up 19 | 4 4 11 Fast Attach 10 | 7 1 2 Attach 1 | . 1 . Detach 1 | . . 1 Swap 16 | 1 1 14 Drop 11 | . . 11 Fire 47 | 13 11 23 Melee 20 | . . 20 Ram . | . . . Kick . | . . . Crush 2 | 1 1 . Escape Stasis . | . . . Rewire . | . . . Trap . | . . . Miscellaneous . | . . . Route ------- -11/Scrapyard -10/Materials (discovered 4 exits: [*Mat x2] / [*Min] / *Sub) -10/Subcaves (discovered 1 exit: [*Mat]) History --------- Turn | Location | Event 5 | -11/Scrapyard | Discovered new exit (range 14) 145 | -11/Scrapyard | Entered Materials 146 | -10/Materials | Met a group of wandering Federalists 198 | -10/Materials | Discovered new exit (range 15) 261 | -10/Materials | Discovered new exit (range 15) 302 | -10/Materials | Build established: Mutant 361 | -10/Materials | Discovered new exit (range 9) 392 | -10/Materials | Discovered new exit (range 3) 395 | -10/Materials | Entered Subcaves 396 | -10/Subcaves | Continued accompanying wandering Federalists (3) 509 | -10/Subcaves | Learned location of Storage (-7) 532 | -10/Subcaves | Core integrity fell below 50% 637 | -10/Subcaves | Visited 4L-MR0's lab 654 | -10/Subcaves | Found Cargo Legs 946 | -10/Subcaves | Discovered new exit (range 15) 1073 | -10/Subcaves | A swath of the cavern ceiling suddenly collapsed 1195 | -10/Subcaves | A Subdweller sparked back to life 1241 | -10/Subcaves | Found Flightbrick 2289 | -10/Subcaves | Core integrity fell below 20% 2291 | -10/Subcaves | Destroyed by XL-8VI(R) with Subdweller Laser Last Messages --------------- 01600_ Acquired 18 matter. 01645_ 8E-1R1(R): "LEAVESUB!" 01670_ 8E-1R1(R) destroyed. 01672_ Acquired 50 matter. 01750_ Sneak attack on M8-7NU(O). 01771_ Sneak attack on HO-9PY(O). 01771_ HO-9PY(O) suffers critical hit (Impale). 01804_ Sneak attack on HO-9PY(O). 01804_ HO-9PY(O) cries out in pain. 01804_ HO-9PY(O) destroyed. 01813_ Dropped Broken Sub. Machine Gun. 01813_ Acquired Sub. Beam Cannon. 01835_ Sneak attack on M8-7NU(O). 01864_ Destroyed Ion Engine. 01909_ Sneak attack on M8-7NU(O). 01909_ M8-7NU(O) cries out in pain. 01909_ M8-7NU(O) destroyed. 01911_ Acquired 10 matter. 01925_ Subatomizers dissect the Disposable Heat Sink. 02055_ Subatomizers dissect the Salvaging Laser. Map ----- +----------------------------------------------------+ | #????????????????????????????????????????????????? | | ?????????????????????????????????????????????????? | | ?????????????????????????????????????????????????? | | #????????????????????????????????????????????????? | | #????????????????????????????????????????????????? | | ##???????????????????????????????????????????????? | | #???????????????????????????????????????????????? | | ##???? ????????????????????????????????????????? | | #???# ?????????????????????????????????????????? | | ##??? #?????????????????????????????????????????? | | #??? ??????????????????????????????????????????? | | ##?# #??????????????????????????????????????????? | | #? ####?? ????????????????????????????????????? | | ## #" ## ?????##"????????#####????????????????? | | ## "## ??????? "??????# ###??????????????? | | ##""# #???????# ""???## #??????????????? | | "#"# #????????# "#??# #??????????????? | | ""# #??????????"" ""### ##?????????????? | | ## #???????????"" " #?????????????? | | " "#"""#???????????#"" RR #??????????????? | | " "# #?????????????#" #???????????????? | | """ "##???????????????; #???????????????? | | """ ##????????????????# #????????????????? | | #"####?????????????????# #####????????????????? | | ###????????????????????# ##????????????????????? | | #??????????????????????# @ #?????????????????????? | | #?????????????????????## #?????????????????????? | | ##????????????????????# ##?????????????????????? | | ##???????????????????# ##?????????????????????? | | #???????????????????## ##????????????????????? | | #????????????????????## ##???????????????????? | | #?????????????????????# #???###?????????????? | | ##???????????????????## ##?# ##????????????? | | ##???????????##??#### ## #????????????? | | ##??????????# ### #????????????? | | #??????????# #????????????? | | #??????????# ## ## ###????????????? | | ## #??????????# ## ### ###??????????????? | | ?# #?????????## # ### * ##???????????????? | | ?#! #????????## ### ## #???????????????? | | ##%* #????????# #?# ##???????????????? | | # = ###??????# #### ##????????????????? | | # #??????# ### [ ##?????????????????? | | ## #??????## #######?????????????? | | ?## #???????## # #?????????????? | | #?## ##?##?????# #?????????????? | | #### ### #?????# #####?????????# | | ##????## #### # ## ##???????## | | ##???## #??# #### ## #??###### | | ##??# ##### #?## ### ## | +----------------------------------------------------+ Best States ------------- Heat Dissipation 35 Energy Generation 10 Energy Capacity 250 Matter Stores 300 Matter Capacity 300 Sight Range 16 Terrain Scan Density 10 Evasion (%) 40 Recoil Reduction 2 Item Schematics ----------------- None Robot Schematics ------------------ None Fabricated ------------ Nothing Repaired ---------- Nothing Studied --------- None Alien Tech Used ----------------- None Achievements -------------- Art Critic Mistaken Identity Strength In Numbers Challenges ------------ None Game ------ Seed IonArmorMiniperforator Manual? 0 Play Time 00:11:39 Cumulative 901.2 hours Start 2025.11.11 @ 20:34:59 End 2025.11.11 @ 20:45:27 Sessions 1 Manual Loads 0 Difficulty Rogue Special Mode None Game No. 812 Rogue 725 Adventurer 87 Explorer 0 Win Type - Total 59 Types 9/6/31/2/1/1/5/1/1/2 Lore% 97 Gallery% 93 Achievement% 68 Wizard Run 0 Options --------- Layout 0 ASCII 0 Keyboard 1 Movement Numpad Keybinds 0 Fullscreen 2 Font 18/SmallcapsGlow Map View 76x50 Zoom Use 0% Tactical HUD 1 Map Filters NONE Filters NONE Steam 1 RUN: 57ccbccc-6ecb-49dd-90ff-38e197ebb644